 Dungeon Crawl Stone Soup version 0.21.1-1-g345015fe64 (webtiles) character file.

814 Jens78 the Changer (level 7, 0/52 HPs)
             Began as an Octopode Transmuter on June 6, 2018.
             Killed from afar by an electric eel (13 damage)
             ... with a bolt of electricity
             ... on level 5 of the Dungeon.
             The game lasted 00:56:22 (6176 turns).

Jens78 the Changer (Octopode Transmuter)            Turns: 6176, Time: 00:56:23

Health: 0/52       AC:  5    Str: 12    XL:     7   Next: 93%
Magic:  2/22       EV: 11    Int: 16    God:
Gold:   154        SH:  0    Dex: 14    Spells: 4/14 levels left

rFire    x . .     SeeInvis .     - Unarmed
rCold    + + +     Gourm    .   (shield currently unavailable)
rNeg     . . .     Faith    .   (helmet currently unavailable)
rPois    +         Spirit   .   (no amulet)
rElec    .         Reflect  .   f - +3 ring of strength
rCorr    +         Harm     .   j - ring of magical power
MR       .....                  x - ring of resist corrosion
Stlth    ++........             (no ring)
HPRegen  0.17/turn              (no ring)
MPRegen  0.18/turn              (no ring)
                                (no ring)
                                (no ring)

@: ice-form
A: large, almost no armour, stealthy swim, amphibious, 8 rings, (constrict 8)
a: End Transformation


You were on level 5 of the Dungeon.
You were near starving.
You were a creature of crystalline ice.
You visited 1 branch of the dungeon, and saw 7 of its levels.

You collected 154 gold pieces.

Inventory:

Hand Weapons
 k - a +0 hunting sling
 v - a +0 blowgun
 y - a +0 blowgun
 A - the cursed +1 long sword of Kismet {slice, *Contam *Drain rN+ Int+10, unknown}
   (You found it on level 4 of the Dungeon)

   It inflicts extra damage upon your enemies.
   It affects your intelligence (+10).
   It protects you from negative energy.
   It causes magical contamination when unequipped.
   It causes draining when unequipped.
   It has a curse placed upon it.
 F - a +0 antimagic short sword (melded)
Missiles
 a - 57 arrows
 d - 181 stones (quivered)
 e - 2 steel tomahawks
 n - 42 bolts
 q - 28 poisoned needles
 t - 57 sling bullets
 D - 6 needles of sleeping
 J - 3 tomahawks
Jewellery
 f - a +3 ring of strength (left front paw)
 j - a ring of magical power (right front paw)
 x - a ring of resist corrosion (on tentacle)
Wands
 C - a wand of random effects (21)
 H - a wand of polymorph (8)
 K - a wand of flame (41)
Scrolls
 g - 3 scrolls of enchant weapon {unknown}
 h - 2 scrolls of identify
 l - 2 scrolls of remove curse
 m - a scroll of fear {unknown}
 r - a scroll of magic mapping {unknown}
 s - 6 scrolls of teleportation
 B - 3 scrolls of amnesia {unknown}
 G - a scroll of fog {unknown}
 L - a scroll of noise {unknown}
Potions
 i - 5 potions of curing
 o - a potion of ambrosia {unknown}
 p - 2 potions of degeneration
 u - 3 potions of lignification {unknown}
 w - a potion of might {unknown}
 z - a potion of heal wounds {unknown}
 E - a potion of invisibility {unknown}
 I - a potion of brilliance {unknown}
Books
 b - a book of Changes

   Spells                             Type                      Level
   a - Beastly Appendage              Transmutation                1
   b - Sticks to Snakes               Transmutation                2
   c - Spider Form                    Transmutation/Poison         3
   d - Ice Form                       Ice/Transmutation            4
   e - Blade Hands                    Transmutation                5
Comestibles
 c - 4 rations


   Skills:
 + Level 1.7 Fighting
 * Level 1.8 Short Blades
 - Level 1.0 Throwing
 + Level 2.8 Dodging
 - Level 2.1 Stealth
 - Level 4.0 Unarmed Combat
 - Level 4.0 Spellcasting
 * Level 4.7 Transmutations
 * Level 2.2 Ice Magic
 * Level 3.3 Poison Magic


You had 4 spell levels left.
You knew the following spells:

 Your Spells              Type           Power        Failure   Level  Hunger
a - Beastly Appendage     Tmut           ###...       2%          1    None
b - Sticks to Snakes      Tmut           ###.....     3%          2    ##.....
c - Spider Form           Tmut/Pois      ###.......   10%         3    ###....
d - Ice Form              Ice/Tmut       ##......     38%         4    ####...


Dungeon Overview and Level Annotations

Branches:
Dungeon (7/15)
 Temple: D:4-7

Altars:
Okawaru

Annotations:
D:5 1 transporter


Innate Abilities, Weirdness & Mutations

You cannot wear most types of armour.
You are very stealthy in the water. (Stealth+)
You are amphibious.
You can wear up to eight rings at the same time.
((You can use your tentacles to constrict eight enemies at once.))
((Your skin changes colour to match your surroundings (Stealth+).))
((Your rubbery body absorbs attacks. (AC +1, EV +1)))


Message History

Aim: an electric eel (fire blocked by a translucent stone wall) There's something in the way.
Okay, then.
The electric eel shoots out a bolt of lightning at you!
The bolt of electricity hits you! x2; The bolt of electricity hits the plant.
There is an open door here.
The electric eel shoots out a bolt of lightning at you!
The bolt of electricity hits you!
The bolt of electricity hits the electric eel.
The electric eel completely resists.
The bolt of electricity hits the electric eel.
The electric eel completely resists.
The electric eel shoots out a bolt of lightning at you!
The bolt of electricity hits you!
* * * LOW HITPOINT WARNING * * *
The electric eel shoots out a bolt of lightning at you!
The bolt of electricity hits your ball python.
Your ball python dies!
The bolt of electricity hits you!
You die...

#..###...[.................
#.......#.###.....#########
##.####.#..##.....# #.#
##.#...##.####
#.###....©....#
#.....#######.#
#####.#8.©.8#.#
########.#P...P#.#
#........###Y###.#
#.######.#;...≈#.# ##########
#.######.#;...≈#.###........#
#.##.....#≈≈;≈≈#..##.######.#
#.#......#≈≈♣≈≈#.....# #.#
#........#≈P≈≈≈#..#### #.#
#........#≈≈≈≈≈#.## #..
#........#≈≈≈≈≈#.# #..
###......###+###.# ##.


You could see 3 electric eels.

Vanquished Creatures
  Menkaure (D:5)
  A black bear (D:5)
  2 scorpions
  2 bullfrog zombies
  A centaur zombie (D:5)
  4 hounds
  A jelly (D:5)
  A bullfrog skeleton (D:5)
  An orc wizard (D:6)
  An iguana (D:5)
  2 worker ants
  Robin (D:4)
  5 adders
  2 oozes (D:2)
  An adder zombie (D:5)
  A worm (D:2)
  2 dart slugs
  2 leopard geckos
  11 orcs
  A ball python (D:1)
  4 giant cockroaches
  8 goblins
  8 hobgoblins
  13 kobolds
  A quokka (D:5)
  5 bats
  12 frilled lizards
  A leopard gecko zombie (D:5)
  12 rats
  A plant (D:3)
108 creatures vanquished.

Vanquished Creatures (collateral kills)
  3 adders
  A worm (D:2)
  A ball python (D:5)
  A goblin (D:3)
  2 hobgoblins
8 creatures vanquished.

Grand Total: 116 creatures vanquished

Notes
Turn   | Place    | Note
-------+----------+-------------------------------------------
     0 | D:1      | Jens78 the Octopode Transmuter began the quest for the Orb.
     0 | D:1      | Reached XP level 1. HP: 13/13 MP: 3/3
    96 | D:1      | Reached XP level 2. HP: 18/18 MP: 3/5
   709 | D:2      | Learned a level 2 spell: Sticks to Snakes
   716 | D:2      | Reached XP level 3. HP: 23/23 MP: 0/6
   885 | D:3      | Reached skill level 1 in Stealth
   964 | D:3      | Reached XP level 4. HP: 28/28 MP: 5/8
  1264 | D:2      | Found a faded altar of an unknown god.
  1607 | D:2      | Reached XP level 5. HP: 28/33 MP: 9/9
  1861 | D:3      | Learned a level 3 spell: Spider Form
  2554 | D:3      | Reached skill level 1 in Poison Magic
  2723 | D:3      | Learned a level 4 spell: Ice Form
  2758 | D:4      | Got a smoking long sword
  2769 | D:5      | Entered Level 5 of the Dungeon
  2823 | D:4      | Reached XP level 6. HP: 18/38 MP: 11/11
  3775 | D:4      | Noticed Robin
  3789 | D:4      | Reached skill level 1 in Ice Magic
  3801 | D:4      | Killed Robin
  4095 | D:5      | Found an iron altar of Okawaru.
  4487 | D:5      | Reached skill level 1 in Throwing
  4487 | D:5      | Reached XP level 7. HP: 43/43 MP: 4/12
  4645 | D:5      | Noticed Menkaure
  4675 | D:5      | Killed Menkaure
  4675 | D:5      | Reached skill level 1 in Short Blades
  5448 | D:5      | Found a transporter.
  5587 | D:5      | Found a transporter.
  6176 | D:5      | Killed from afar by an electric eel

Skill      XL: |  1  2  3  4  5  6  7 |
---------------+----------------------+-----
Stealth        | 1 2 |  2.1
Spellcasting   | 3 4 |  4.0
Unarmed Combat | 4 |  4.0
Transmutations | 3 4 |  4.7
Poison Magic   | 1 2 3 |  3.3
Ice Magic      | 1 2 |  2.2
Throwing       | 1 |  1.0
Short Blades   | 1 |  1.8
Fighting       | |  1.7
Dodging        | |  2.8

Action                   |  1- 3 |  4- 6 |  7- 9 || total
-------------------------+-------+-------+-------++-------
Melee: Unarmed           |    54 |   162 |    61 ||   277
       Constrict         |    14 |    37 |     2 ||    53
       Tentacles         |     8 |    23 |     4 ||    35
       Kick              |     9 |    30 |     4 ||    43
       Punch             |       |     4 |       ||     4
       Short sword       |       |     5 |     8 ||    13
Throw: Stone             |    28 |    26 |     3 ||    57
 Cast: Beastly Appendage |    16 |    36 |     3 ||    55
       Sticks to Snakes  |     4 |    11 |     3 ||    18
       Spider Form       |       |     3 |    12 ||    15
       Ice Form          |       |       |     2 ||     2
  Use: Scroll            |       |     5 |       ||     5
 Stab: Sleeping          |     4 |     8 |     2 ||    14
  Eat: Chunk             |       |     9 |     2 ||    11
       Ration            |       |     1 |     1 ||     2
Armor: Skin              |     9 |    10 |     2 ||    21
Dodge: Dodged            |    29 |    97 |    66 ||   192
